 Dungeon Crawl Stone Soup version 0.21-a0-504-g2eda330 (webtiles) character file.

6 4thArraOfDagon the Gusty (level 1, -1/13 HPs)
             Began as a Barachi Air Elementalist on Nov 25, 2017.
             Killed by nerve-wracking pain
             ... invoked by Jessica
              (9 damage)
             ... on level 2 of the Dungeon.
             The game lasted 00:01:23 (245 turns).

4thArraOfDagon the Gusty (Barachi Air Elementalist)  Turns: 245, Time: 00:01:24

Health: -1/13      AC:  2    Str:  9    XL:     1   Next: 90%
Magic:  0/3        EV: 12    Int: 15    God:
Gold:   0          SH:  0    Dex: 12    Spells: 3/4 levels left

rFire    . . .     SeeInvis .   d - +0 whip
rCold    . . .     Gourm    .   (no shield)
rNeg     . . .     Faith    .   a - +0 robe
rPois    .         Spirit   .   (no helmet)
rElec    .         Reflect  .   (no cloak)
rCorr    .         Harm     .   (no gloves)
MR       .....                  (no boots)
Stlth    ++........             (no amulet)
HPRegen  0.04/turn              (no ring)
MPRegen  0.08/turn              (no ring)

@: can't hop, slowed, very slow
A: +LOS, swims, slowness 1, strong legs 1
a: Hop


You were on level 2 of the Dungeon.
You were not hungry.

You visited 1 branch of the dungeon, and saw 3 of its levels.

Inventory:

Hand Weapons
 d - a +0 whip (weapon)
Armour
 a - a +0 robe (worn)
Scrolls
 e - a scroll of identify {unknown}
 f - a scroll of remove curse {unknown}
Books
 b - a book of Air

   Spells                             Type                      Level
   a - Shock                          Conjuration/Air              1
   b - Swiftness                      Charms/Air                   2
   c - Static Discharge               Conjuration/Air              3
   d - Airstrike                      Air                          4
   e - Lightning Bolt                 Conjuration/Air              5
Comestibles
 c - 2 bread rations


   Skills:
 - Level 2.1 Dodging
 - Level 1.7 Stealth
 - Level 2.1 Spellcasting
 - Level 1.1 Conjurations
 * Level 3.8 Air Magic


You had 3 spell levels left.
You knew the following spells:

 Your Spells              Type           Power        Failure   Level  Hunger
a - Shock                 Conj/Air       #...         8%          1    #......


Dungeon Overview and Level Annotations

Branches:
Dungeon (3/15)

Altars:

Annotations:
D:2 Jessica, Sigmund


Innate Abilities, Weirdness & Mutations

Shadows flee at your approach. (+LOS)
You can swim through water.
You cover ground slowly.
You can hop short distances.


Message History

You feel yourself slow down.
Unknown command.
Hop to where?
Press: ? - help, Dir - move target cursor Boing!
Unknown command.
Jessica shouts, "I don't like beings like you!"
Unknown command.
You hit Jessica but do no damage.
Jessica is almost dead.
Jessica barely misses you.
Jessica mumbles some strange words.
Jessica seems to speed up.
Unknown command.
You closely miss Jessica.
Jessica is almost dead.
Jessica points at you and mumbles some strange words.
Pain shoots through your body!
Ouch! That really hurt!
You die...

#.# #....?..#
#.# #..)....#
#.# #.......#
#.#####%......#
#.....#.......#
#.............#
#.###.#####..<#
#@# #...####
#@# #......#
#.#
#.#####..###.#
#)#
#.............
#.#
#######..###..
#.# #>.# #..
#.# #..# #.#
#.#########..#
#.#
#...........##
#.#
###########.#
#..


You could see Jessica.

Vanquished Creatures
  A dart slug (D:2)
  A goblin (D:2)
  A bat (D:2)
  A frilled lizard (D:3)
  A rat (D:2)
5 creatures vanquished.

Notes
Turn   | Place    | Note
-------+----------+-------------------------------------------
     0 | D:1      | 4thArraOfDagon the Barachi Air Elementalist began the quest for the Orb.
     0 | D:1      | Reached XP level 1. HP: 13/13 MP: 3/3
    54 | D:3      | Noticed an orc wizard
    54 | D:3      | Noticed an orc priest
    54 | D:3      | Noticed an orc wizard
    87 | D:2      | Noticed Sigmund
   187 | D:2      | Noticed Jessica
   245 | D:2      | Killed from afar by Jessica

Vault maps used:
D:1:      minmay_arrival_split_and_join
D:2:      lemuel_coloured_pillars_altar, lemuel_doored_altar,
          kiku_gazebo_pond_becter, first_bread, uniq_jessica, uniq_sigmund
D:3:      uniq_terence

Action                   || total
-------------------------++-------
Melee: Whip              ||     6
 Cast: Shock             ||     7
 Abil: Hop               ||     1
Armor: Robe              ||     1
Dodge: Dodged            ||     8

Table legend:
 A = Spawn XP
 B = Non-spawn XP
 C = Spawn XP percentage of total XP
 D = Spawn monster count
 E = Non-spawn monster count
 F = Spawn count percentage of total count
 G = Total turns spent on level
                    A         B        C        D         E        F      G
               +---------+---------+-------+---------+---------+-------+---------
         Total |       0 |       9 |   0.0 |       0 |       5 |   0.0 |   245
               +---------+---------+-------+---------+---------+-------+---------
           D:2 |       0 |       8 |   0.0 |       0 |       4 |   0.0 |   200
           D:3 |       0 |       1 |   0.0 |       0 |       1 |   0.0 |    13
               +---------+---------+-------+---------+---------+-------+---------
